 Dungeon Crawl Stone Soup version 0.28.0-45-g0d030f2227 (webtiles) character file.

Game seed: 14853069080608746963

175 MisterFreud the Slasher (level 5, -3/43 HPs)
             Began as a Palentonga Fighter on Apr 26, 2022.
             Killed by divine providence
             ... invoked by an orc priest
              (11 damage)
             ... on level 3 of the Dungeon.
             The game lasted 00:03:09 (2910 turns).

MisterFreud the Slasher (Palentonga Fighter)        Turns: 2910, Time: 00:03:10

Health: -3/43      AC:  6    Str: 20    XL:     5   Next: 29%
Magic:  5/5        EV:  7    Int:  8    God:
Gold:   179        SH:  4    Dex: 11    Spells: 4/4 levels left

rFire   . . .      SeeInvis +   a - +0 long sword
rCold   . . .      Faith    .   c - +0 buckler
rNeg    . . .      Spirit   .   b - +0 scale mail
rPois   .          Reflect  .   (no helmet)
rElec   .          Harm     .   (no cloak)
rCorr   .          Rampage  .   (no gloves)
Will    .....                   (no barding)
Stlth   ..........              (no amulet)
HPRegen 0.14/turn               i - ring of wizardry
MPRegen 0.09/turn               (no ring)

@: no status effects
A: large, rugged brown scales 3, see invisible, deformed body, roll 1, armoured
tail
a: Rolling Charge


You were on level 3 of the Dungeon.
You visited 1 branch of the dungeon, and saw 3 of its levels.

You collected 179 gold pieces.

Inventory:

Hand Weapons
 a - a +0 long sword (weapon)
Missiles
 k - 4 curare-tipped darts
Armour
 b - a +0 scale mail (worn)
 c - a +0 buckler (worn)
Jewellery
 i - a ring of wizardry (left hand)
Scrolls
 e - a scroll of immolation {unknown}
 f - 4 scrolls of identify {unknown}
 h - a scroll of blinking {unknown}
Potions
 d - a potion of might
 g - 3 potions of attraction {unknown}
 j - 2 potions of lignification {unknown}
 l - a potion of resistance {unknown}


   Skills:
 - Level 3.1 Fighting
 + Level 5.2 Long Blades
 - Level 2.5 Armour
 - Level 2.5 Shields


You had 4 spell levels left.
You didn't know any spells.
Your spell library contained the following spells:

 Spells                   Type           Power      Damage    Failure   Level
 Summon Guardian Golem    Hex/Summ       0%         N/A       86%         3
 Orb of Destruction       Conj           0%         9d5       100%        7
 Spellforged Servitor     Conj/Summ      0%         N/A       100%        7


Dungeon Overview and Level Annotations

Branches:
Dungeon (3/15)

Altars:

Annotations:
D:3 2 transporters


Innate Abilities, Weirdness & Mutations

You are completely covered in rugged brown scales. (AC +3, +7% HP)
You have supernaturally acute eyesight. (SInv)
Armour fits poorly on your strangely shaped body.
You can roll at nearby foes to attack.
You have a long armoured tail.


Message History

You hit the orc priest.
The orc priest is moderately wounded.
You block the orc wizard's attack.
Unknown command.
You hit the orc priest.
The orc priest is severely wounded.
The orc priest mumbles some strange prayers to Beogh against you.
Beogh smites you! The rat bites you.
The orc wizard hits you but does no damage.
Unknown command.
You closely miss the orc priest.
The orc priest is severely wounded.
The orc priest hits you with a +0 club. The rat closely misses you.
The orc wizard hits you but does no damage.
The orc priest hits you with a +0 club.
Unknown command.
You hit the orc priest but do no damage.
The orc priest is severely wounded.
The rat bites you.
The orc wizard gestures wildly while chanting.
The orc wizard flickers and vanishes for a moment.
The orc priest hits you with a +0 club.
* * * LOW HITPOINT WARNING * * *
You hit the orc priest but do no damage.
The orc priest is severely wounded.
The rat barely misses you.
The orc wizard hits you but does no damage.
The orc priest hits you with a +0 club.
* * * LOW HITPOINT WARNING * * *
Unknown command.
The orc priest calls down the wrath of Beogh upon you.
You barely resist. You hit the rat.
You kill the rat!
The orc priest looks braver for a moment.
You closely miss the orc wizard.
The orc wizard is severely wounded.
The orc priest mumbles some strange prayers to Beogh against you.
Beogh smites you!
You die...

#..# #.#K≈...≈5#..####
##.# #.####+####.....
#.## #.#≈..(.)≈#...#
#..# #.#8P$©$P8#...###.
##.###.#########.......
#..# .....©.o.o..#
##.## ###..|..o..# #..#
##...†##### ##.#
#....o@.# #.##
#.......#
##..###.......#
#.............#
#.#.##...######
#.#..#...# #.##.#...#
#. ..##.# #. #.##.#


You could see an orc priest and an orc wizard (invisible).

Vanquished Creatures
  Jessica (D:2)
  Natasha (thrice) (D:3)
  An orc wizard (D:3)
  2 adders (D:2)
  A worm (D:2)
  A dart slug (D:1)
  5 ball pythons
  4 endoplasms
  4 hobgoblins
  2 quokkas
  9 bats
  A frilled lizard (D:1)
  6 goblins
  7 kobolds
  7 rats
54 creatures vanquished.

Vanquished Creatures (others)
  A fungus (D:1)
  5 toadstools (D:1)
6 creatures vanquished.

Grand Total: 60 creatures vanquished

Notes
Turn   | Place    | Note
-------+----------+-------------------------------------------
     0 | D:1      | MisterFreud the Palentonga Fighter began the quest for the
                  | Orb.
     0 | D:1      | Reached XP level 1. HP: 19/19 MP: 1/1
    50 | D:1      | Reached XP level 2. HP: 17/25 MP: 2/2
   639 | D:1      | Found a faded altar of an unknown god.
   905 | D:1      | Reached skill level 3 in Long Blades
   981 | D:2      | Reached XP level 3. HP: 26/31 MP: 3/3
  1056 | D:2      | Noticed Jessica
  1061 | D:2      | Killed Jessica
  1440 | D:2      | Reached XP level 4. HP: 21/37 MP: 4/4
  1632 | D:2      | Reached skill level 4 in Long Blades
  2262 | D:3      | Found a transporter.
  2283 | D:3      | Noticed Natasha
  2296 | D:3      | Killed Natasha
  2409 | D:3      | Noticed Natasha
  2425 | D:3      | Killed Natasha
  2426 | D:3      | Reached skill level 5 in Long Blades
  2426 | D:3      | Reached XP level 5. HP: 11/43 MP: 5/5
  2866 | D:3      | Noticed Natasha
  2871 | D:3      | Killed Natasha
  2873 | D:3      | Found a transporter.
  2877 | D:3      | Noticed a kobold demonologist
  2910 | D:3      | Killed from afar by an orc priest

Illustrated notes

Levels and vault maps discovered:
D:1:      minmay_arrival_glassed_features, layout_basic,
          chequers_ecumenical_altar_island, minmay_gold_behind_fungi
D:2:      layout_basic, uniq_jessica
D:3:      gammafunk_wand_slinger, layout_basic, minmay_statues_item,
          uniq_natasha

Skill      XL: |  1  2  3  4 |
---------------+-------------+-----
Long Blades    | 3 5 |  5.2
Fighting       | |  3.1
Armour         | |  2.5
Shields        | |  2.5

Action                   |  1- 3 |  4- 6 || total
-------------------------+-------+-------++-------
Melee: Long sword        |   104 |    82 ||   186
       Tailslap          |     5 |     7 ||    12
 Abil: Rolling Charge    |    14 |    14 ||    28
Armor: Scale mail        |    64 |    52 ||   116
Dodge: Dodged            |    33 |    27 ||    60
Block: Buckler           |    24 |    17 ||    41
